 Dungeon Crawl Stone Soup version 0.27.1-2-g3b301248ec (webtiles) character file.

Game seed: 5030644612777934794

5434 DearestLeader the Grappler (level 10, -2/81 HPs)
             Began as a Ghoul Necromancer on Sept 23, 2021.
             Was an Elder of Makhleb.
             Slain by an ice beast (4 damage)
             ... summoned by an ice statue
             ... on level 9 of the Dungeon.
             The game lasted 00:24:14 (10929 turns).

DearestLeader the Grappler (Ghoul Necromancer)     Turns: 10929, Time: 00:24:14

Health: -2/81      AC: 15    Str: 13    XL:     10   Next: 68%
Magic:  13/13      EV: 16    Int: 13    God:    Makhleb [****..]
Gold:   224        SH:  0    Dex:  9    Spells: 10/15 levels left

rFire    . . .     SeeInvis .     - Unarmed
rCold    + . .     Faith    .   (no shield)
rNeg     + + +     Spirit   .   v - +2 leather armour {rPois}
rPois    ∞         Reflect  .   w - +2 helmet
rElec    .         Harm     .   (no cloak)
rCorr    .         Rampage  .   (no gloves)
Will     .....                  g - +2 pair of boots
Stlth    +.........             (no amulet)
HPRegen  0.00/turn              e - +4 ring of evasion
MPRegen  0.13/turn              p - +4 ring of protection

@: inhibited regen
A: claws 1, cold resistance 1, negative energy resistance 3, inhibited
regeneration, torment resistance 2
a: Renounce Religion, Minor Destruction, Lesser Servant of Makhleb, Major
Destruction


You were on level 9 of the Dungeon.
You worshipped Makhleb.
Makhleb was greatly pleased with you.
You visited 2 branches of the dungeon, and saw 10 of its levels.
You also visited: Bailey.

You collected 471 gold pieces.
You spent 247 gold pieces at shops.

Inventory:

Missiles
 i - 7 atropa-tipped darts
 k - 47 sling bullets
 n - 58 poisoned darts (quivered)
 A - 4 javelins
 E - 13 curare-tipped darts
 H - 2 throwing nets
Armour
 g - a +2 pair of boots (worn)
 v - a +2 leather armour of poison resistance (worn)
 w - a +2 helmet (worn)
Magical Staves
 s - a staff of earth
Jewellery
 a - a ring of magical power
 e - a +4 ring of evasion (left claw)
 p - a +4 ring of protection (right claw)
 z - a +6 ring of dexterity
 C - a +4 ring of evasion
Wands
 o - a wand of mindburst (15)
 y - a wand of digging (7)
Scrolls
 c - a scroll of vulnerability {unknown}
 h - 2 scrolls of blinking
 m - 2 scrolls of immolation
 r - 2 scrolls of fog
 u - 2 scrolls of teleportation
 x - a scroll of summoning {unknown}
 G - a scroll of torment {unknown}
Potions
 b - 4 potions of attraction
 d - a potion of curing {unknown}
 f - 2 potions of heal wounds
 j - 2 potions of mutation {unknown}
 l - 3 potions of might
 q - 2 potions of degeneration {unknown}
 t - 2 potions of flight
 B - 3 potions of lignification {unknown}
 D - a potion of magic {unknown}
 F - 2 potions of haste {unknown}


   Skills:
 - Level 5.0 Fighting
 - Level 5.0 Dodging
 - Level 2.1 Stealth
 * Level 11.7 Unarmed Combat
 - Level 3.0 Spellcasting
 - Level 8.0 Necromancy
 + Level 4.2 Invocations


You had 10 spell levels left.
You knew the following spells:

 Your Spells              Type           Power      Damage    Failure   Level
a - Pain                  Necr           88%        1d8       1%          1
b - Animate Skeleton      Necr           44%        N/A       1%          1
c - Vampiric Draining     Necr           11%        2d7       3%          3

Your spell library contained the following spells:

 Spells                   Type           Power      Damage    Failure   Level
 Animate Dead             Necr           11%        N/A       11%         4
 Magic Dart               Conj           4%         1d3       28%         1
 Agony                    Necr           22%        N/A       30%         5
 Passwall                 Tmut/Erth      0%         N/A       41%         2
 Searing Ray              Conj           2%         3d3       41%         2
 Ozocubu's Armour         Ice            1%         N/A       65%         3
 Swiftness                Air            1%         N/A       65%         3
 Fulminant Prism          Conj/Hex       0%         3d6       96%         4
 Hailstorm                Conj/Ice       1%         3d3       96%         4
 Petrify                  Tmut/Erth      1%         N/A       96%         4
 Metabolic Englaciation   Hex/Ice        0%         N/A       100%        5
 Invisibility             Hex            0%         N/A       100%        6
 Simulacrum               Ice/Necr       6%         N/A       100%        6
 Summon Hydra             Summ           0%         N/A       100%        7
 Sublimation of Blood     Necr           Unusable   N/A       N/A         2
 Wereblood                Tmut           Unusable   N/A       N/A         2
 Ice Form                 Ice/Tmut       Unusable   N/A       N/A         4
 Statue Form              Tmut/Erth      Unusable   N/A       N/A         6

Dungeon Overview and Level Annotations

Branches:
Dungeon (9/15)             Temple (1/1) D:4            Lair (0/6) D:9
 Bailey (visited)
    Orc: D:9-12

Altars:
Ashenzari
Cheibriados
Dithmenos
Elyvilon
Fedhas
Gozag
Hepliaklqana
Kikubaaqudgha
Makhleb
Nemelex Xobeh
Okawaru
Qazlal
Ru
Sif Muna
Trog
Uskayaw
Vehumet
Wu Jian
Xom
Yredelemnul
Zin
The Shining One

Shops:
D:1 *   D:3 [   D:7 =

Annotations:
D:9 exclusion: ice statue


Innate Abilities, Weirdness & Mutations

You thrive by killing the living.
You are immune to poison.
You have sharp fingernails.
Your flesh is cold resistant. (rC+)
You are immune to negative energy. (rN+++)
You do not regenerate when monsters are visible.
You are immune to unholy pain and torment.


Message History

The ice beast completely misses you. The ice beast barely misses you.
You scratch the ice statue but do no damage.
The ice statue is heavily damaged.
The ice beast completely misses you.
You scratch the ice statue but do no damage.
The ice statue is heavily damaged.
The ice beast misses you.
You claw the ice statue!
The ice statue is severely damaged.
The ice beast closely misses you. x2
The ice statue gestures at you. The bolt of cold hits you! You resist.
* * * LOW HITPOINT WARNING * * *
The ice beast hits you but does no damage.
You scratch the ice statue but do no damage.
The ice statue is severely damaged.
The ice beast barely misses you. The ice beast hits you.
* * * LOW HITPOINT WARNING * * *
The ice beast freezes you. You resist.
* * * LOW HITPOINT WARNING * * *
You scratch the ice statue.
The ice statue is severely damaged.
The ice beast barely misses you.
The ice beast hits you but does no damage.
The ice beast closely misses you. The ice statue gestures at you.
The freezing blast misses you.
You are engulfed in freezing vapours.
You resist.
* * * LOW HITPOINT WARNING * * *
The ice beast hits you but does no damage.
The ice beast barely misses you. The ice statue gestures at you.
The freezing blast engulfs you. You resist.
* * * LOW HITPOINT WARNING * * *
You scratch the ice statue.
The ice statue is severely damaged.
You are engulfed in freezing vapours.
You resist.
* * * LOW HITPOINT WARNING * * *
The ice beast closely misses you. The ice beast hits you.
You die...

######..............###........##
....................###.......##
########.....................##
##...................##
##.....#8#8#.......##
##...#8○..8#.....##
##..8○☼○..8....## #.○☼☼☼8○○....##
#.☼8○@YY○8..## #..#8☼Y☼8#..#
#...#8#8#...# #...........#
##...######## ####


You could see an ice statue and 3 ice beasts.

Vanquished Creatures
  A komodo dragon (D:9)
  A hornet (D:9)
  Grinder (D:4)
  Prince Ribbit (D:8)
  2 wyverns
  A steam dragon (D:5)
  A water moccasin (D:9)
  A black bear (D:5)
  An ice beast (D:6)
  11 orc warriors
  A necrophage (D:5)
  4 ogres
  4 centaurs
  3 kobold brigands
  Blork the orc (D:6)
  A bullfrog (D:8)
  3 scorpions
  9 killer bees
  3 howler monkeys (D:7)
  A bullfrog zombie (D:6)
  A crimson imp (D:3)
  A centaur zombie (D:6)
  A gnoll shaman (D:8)
  5 orc priests
  2 hounds
  3 jellies
  A centaur skeleton (D:7)
  2 iguanas (D:7)
  9 orc wizards
  A howler monkey zombie (D:8)
  10 gnolls
  A howler monkey skeleton (D:3)
  6 adders
  A white imp (D:7)
  2 worms (D:3)
  2 dart slugs (D:1)
  50 orcs
  10 ball pythons
  3 bats
  A bat zombie (D:6)
  7 endoplasms
  3 giant cockroaches
  17 hobgoblins
  4 frilled lizards
  20 goblins
  2 goblin skeletons (D:3)
  2 goblin zombies (D:3)
  A hobgoblin zombie (D:3)
  15 kobolds
  A kobold skeleton (D:3)
  2 kobold zombies (D:3)
  An orc skeleton (D:3)
  4 orc zombies (D:3)
  4 rats
246 creatures vanquished.

Vanquished Creatures (collateral kills)
  2 orcs (Bailey)
  2 goblins (Bailey)
  2 kobolds (D:9)
6 creatures vanquished.

Vanquished Creatures (others)
  A centaur (D:6)
  31 plants (D:9)
32 creatures vanquished.

Grand Total: 284 creatures vanquished

Notes
Turn   | Place    | Note
-------+----------+-------------------------------------------
     0 | D:1      | DearestLeader the Ghoul Necromancer began the quest for the
                  | Orb.
     0 | D:1      | Reached XP level 1. HP: 14/14 MP: 2/2
    12 | D:1      | Found a faded altar of an unknown god.
   314 | D:1      | Found Zuidokkiox's Assorted Antiques.
   357 | D:1      | Reached XP level 2. HP: 20/20 MP: 3/3
   451 | D:1      | Learned a level 1 spell: Animate Skeleton
   628 | D:1      | Reached skill level 1 in Unarmed Combat
   935 | D:1      | Reached XP level 3. HP: 26/26 MP: 1/4
  1945 | D:3      | Reached skill level 2 in Unarmed Combat
  2274 | D:3      | Reached XP level 4. HP: 23/33 MP: 5/5
  2276 | D:3      | Reached skill level 5 in Necromancy
  2941 | D:3      | Learned a level 3 spell: Vampiric Draining
  3013 | D:3      | Found Keorphewacs's Armour Boutique.
  3026 | D:3      | Reached XP level 5. HP: 33/38 MP: 6/6
  3359 | D:3      | Reached skill level 3 in Unarmed Combat
  3498 | D:3      | Found a snail-covered altar of Cheibriados.
  3860 | D:4      | Noticed Grinder
  3871 | D:4      | Paralysed by Grinder for 7 turns
  3897 | D:4      | Found an ornate altar of the Wu Jian Council.
  3905 | D:4      | Paralysed by Grinder for 5 turns
  3917 | D:4      | Paralysed by Grinder for 4 turns
  3924 | D:4      | Killed Grinder
  3925 | D:4      | Reached skill level 4 in Unarmed Combat
  3925 | D:4      | Reached XP level 6. HP: 27/45 MP: 6/8
  4071 | D:4      | Found a sparkling altar of Nemelex Xobeh.
  4071 | D:4      | Found a sacrificial altar of Ru.
  4556 | D:4      | Found a staircase to the Ecumenical Temple.
  4569 | Temple   | Entered the Ecumenical Temple
  4597 | Temple   | Became a worshipper of Makhleb the Destroyer
  4653 | D:4      | Reached XP level 7. HP: 29/51 MP: 2/9
  4839 | D:5      | Entered Level 5 of the Dungeon
  4854 | D:5      | Reached skill level 1 in Fighting
  4866 | D:5      | Reached skill level 5 in Unarmed Combat
  5093 | D:5      | Found a shimmering blue altar of Sif Muna.
  5464 | D:5      | Reached skill level 6 in Unarmed Combat
  5464 | D:5      | Reached XP level 8. HP: 54/62 MP: 10/10
  5520 | D:5      | Found an opulent altar of Gozag.
  5649 | D:4      | Reached * piety under Makhleb
  5893 | D:5      | Reached skill level 7 in Unarmed Combat
  6111 | D:6      | Noticed Blork the orc
  6122 | D:6      | Killed Blork the orc
  6453 | D:6      | Reached skill level 8 in Unarmed Combat
  6461 | D:6      | Reached XP level 9. HP: 72/72 MP: 11/11
  6690 | D:6      | Reached skill level 5 in Fighting
  6837 | D:6      | Found an ancient bone altar of Kikubaaqudgha.
  6951 | D:7      | Reached skill level 9 in Unarmed Combat
  7225 | D:7      | Found a flagged portal.
  7249 | D:7      | Reached ** piety under Makhleb
  7259 | Bailey   | Entered a bailey
  7502 | Bailey   | Reached skill level 10 in Unarmed Combat
  7767 | Bailey   | Reached *** piety under Makhleb
  7783 | Bailey   | Noticed an orc knight
  7829 | D:7      | Reached skill level 1 in Invocations
  8347 | D:7      | Found Ceirph's Jewellery Shoppe.
  8586 | D:1      | Bought a pair of embroidered boots for 247 gold pieces
  8857 | D:8      | Reached XP level 10. HP: 81/81 MP: 13/13
  9594 | D:9      | Reached skill level 11 in Unarmed Combat
  9609 | D:9      | Noticed Prince Ribbit
  9901 | D:8      | Killed Prince Ribbit
 10238 | D:9      | Noticed an ice statue
 10370 | D:9      | Reached **** piety under Makhleb
 10437 | D:9      | Found a hide-covered altar of Uskayaw.
 10573 | D:9      | Reached skill level 5 in Dodging
 10771 | D:9      | Found a staircase to the Lair.
 10929 | D:9      | HP: 2/81 [ice statue] (4)]
 10929 | D:9      | Slain by an ice beast

Illustrated notes

Levels and vault maps discovered:
D:1:      dpeg_arrival_rooms_with_view, layout_basic, serial_shops,
          nicolae_square_shop, basic_ecumenical_altar, palyth_stone_intersect,
          kennysheep_doodads
D:2:      layout_basic
D:3:      layout_loops_ring, cheibrodos_worm_habitat,
          nicolae_tso_besieged_by_evil, serial_shops, shop
D:4:      layout_loops_cross, overflow_temple_1_default,
          gammafunk_temple_overflow_wave, minmay_temple_entry_offerings,
          dk_noncrumbling_2, uniq_grinder
D:5:      layout_rooms, mainiacjoe_overflow_24_doors, grunt_gozag_breadcrumbs
D:6:      layout_cave_pools, lemuel_zombie_altar_kikubaaqudgha,
          nicolae_lava_and_water, ebering_dispersal_statue_hall,
          uniq_blork_the_orc
D:7:      layout_gridville, serial_shops, nicolae_shop_behind_doors,
          enter_bailey_3
D:8:      layout_basic
D:9:      layout_big_octagon, lemuel_crystal_altar, david_lair_shrubbed,
          grunt_ogre_cave, minmay_statue_bubble, uniq_prince_ribbit1
Temple:   cyrus_circular_temple

Skill      XL: |  1  2  3  4  5  6  7  8  9 10 |
---------------+-------------------------------+-----
Unarmed Combat | 1 2 4 6 8 10 11 | 11.7
Necromancy     | 5 6 7 8 |  8.0
Dodging        | 2 3 5 |  5.0
Spellcasting   | 2 3 |  3.0
Fighting       | 2 4 5 |  5.0
Invocations    | 1 4 |  4.2
Stealth        | |  2.1

Action                   |  1- 3 |  4- 6 |  7- 9 | 10-12 || total
-------------------------+-------+-------+-------+-------++-------
Melee: Unarmed           |   143 |   192 |   514 |   289 ||  1138
       Punch             |     1 |     1 |    13 |     4 ||    19
Throw: Dart              |       |       |    11 |       ||    11
 Cast: Pain              |     9 |    10 |     9 |       ||    28
       Animate Skeleton  |       |     3 |    11 |     2 ||    16
       Vampiric Draining |       |     3 |    27 |    15 ||    45
  Use: Scroll            |       |       |     9 |     2 ||    11
 Stab: Sleeping          |     9 |     2 |     3 |     1 ||    15
Armor: Robe              |    20 |    22 |     1 |       ||    43
       Leather armour    |       |       |   193 |   128 ||   321
Dodge: Dodged            |   103 |   118 |   381 |   291 ||   893
